Login

Coachella Valley Firebirds vs Chicago Wolves

Created - 18 April 2024 at 23:27

Goals
1 2 3 T
Coachella Valley Firebirds 0 0 1 1
Chicago Wolves 1 1 0 2
Shots
1 2 3 T
Coachella Valley Firebirds 1 4 3 8
Chicago Wolves 5 1 6 12

GoalsPenalties
1st period
1. Chicago Wolves , Anton Levtchi 9 (Austin Poganski 1) at 17:11 (PP)
Kole Lind (COA) for High sticking (Minor) at 15:49
2nd period
2. Chicago Wolves , Brendan Lemieux 8 (Dylan Coghlan 11) at 0:18
No Penalty
3rd period
3. Coachella Valley Firebirds , Max McCormick 7 (Ville Ottavainen 1) at 16:23
Jamieson Rees (CHI) for Cross-checking (Minor) at 0:31
Goalie Stats
Mads Sogaard (COA), 10 saves from 12 shots - (0.833), L, 7-11-1, 60:00 minutes
Kevin Poulin (CHI), 7 saves from 8 shots - (0.875), W, 2-3-0, 60:00 minutes
3 StarsOfficial
1 - Brendan Lemieux (CHI)
2 - Max McCormick (COA)
3 - Anton Levtchi (CHI)
Referees : Stephen Hiff and Eric Furlatt
Linesman : Brent Hooks and Luke Murray
Game Note
No Game Note
Finance
Level 1 -- Attendance: 2000 (100.00%) -- Ticket Income $70,000
Level 2 -- Attendance: 977 (97.70%) -- Ticket Income $14,655
Total Attendance: 2977 (99.23%)
Total Ticket Income: $84,655
Other Income: $41,481
Total Income: $126,136



Team Name Goals Shots Shots Attemp Shots Blocked PIM HIT PP PK FO%
Coachella Valley Firebirds 1817112400 / 1 (0%)139%
Chicago Wolves 2123232181 / 1 (100%)061%

Coachella Valley Firebirds
Player Name POS G A P +/- PIM HIT SHT SB MP PP MP PP SHT PK MP PK SHT FO% FOT GA TA
Andrew PoturalskiC0000020116:060:0000:0000% 000
Cal O'ReillyC0000010015:500:0000:0000% 000
Cale FleuryD000100001:560:0000:0000% 000
Cameron HughesLW0000062018:180:5801:0200% 210
David GoyetteRW000100003:440:0000:0000% 000
Gustav OlofssonD000-1000524:301:0600:3700% 000
Jimmy SchuldtD0000030119:380:5300:4500% 020
Kole LindC0000251017:330:5800:00033% 301
Luke HenmanC000101008:380:0000:20050% 400
Marian StudenicRW000-1010118:431:0100:0000% 000
Max McCormickLW1010042120:211:0100:000100% 101
Mitch ReinkeD0000000015:540:0000:0000% 000
Peetro SeppalaD0000020018:001:0600:3700% 000
Ryker EvansD0001020121:150:5300:4500% 000
Shane WrightC000-1021121:571:0101:02041% 1720
Tye KartyeLW0000061019:000:5800:2000% 000
Ville OttavainenD011-1010020:570:0000:0000% 001
Ville PetmanC0000041016:170:0000:0000% 100
Chicago Wolves
Player Name POS G A P +/- PIM HIT SHT SB MP PP MP PP SHT PK MP PK SHT FO% FOT GA TA
Alexander PashinRW000000002:470:0000:0000% 000
Anton LevtchiLW1010011019:060:3010:5300% 011
Anttoni HonkaD000-1000019:510:4500:5000% 002
Austin PoganskiRW011-1010018:420:3000:3500% 000
Blake MurrayLW000000003:550:0000:0000% 000
Brendan LemieuxLW1011025022:150:5200:5600% 000
Callahan BurkeRW0001010021:140:5200:0000% 200
Cole ClaytonD0000020016:490:0000:0000% 000
Dylan CoghlanD0111002123:200:3711:0900% 010
Gabriel CarlssonD000000001:480:0000:0000% 100
Griffin MendelD0001031023:200:3701:0900% 001
Jamieson ReesC000-1220018:080:3000:00067% 300
Noel GunlerRW0000010016:220:0000:0000% 000
Ronan SeeleyD000-1000019:510:4500:5000% 001
Ryan SuzukiC0000020116:010:0000:380100% 400
Scott HarringtonD0000000016:490:0000:0000% 000
Tuukka TieksolaRW000-1021016:220:0000:0000% 010
Vasily PonomarevC0001012121:200:5200:56061% 1800

Coachella Valley Firebirds

5 vs 5 Forward
Line #Left WingCenterRight WingPHYDFOFWanted %Time %Time Play
1Marian StudenicShane WrightMax McCormick1224030%16:32
2Tye KartyeKole LindAndrew Poturalski1223031%17:01
3Cameron HughesVille PetmanCal O'Reilly1222029%15:50
4Tye KartyeLuke HenmanShane Wright1221011%6:06
5 vs 5 Defense
Line #DefenseDefensePHYDFOFWanted %Time %Time Play
1Ville OttavainenGustav Olofsson1224035%19:32
2Ryker EvansJimmy Schuldt1223034%18:44
3Peetro SeppalaMitch Reinke1222028%15:22
4Ville OttavainenGustav Olofsson122103%1:51
Power Play Forward
Line #Left WingCenterRight WingPHYDFOFWanted %Time %Time Play
1Marian StudenicShane WrightMax McCormick1226051%1:01
2Tye KartyeKole LindCameron Hughes1224049%0:58
Power Play Defense
Line #DefenseDefensePHYDFOFWanted %Time %Time Play
1Peetro SeppalaGustav Olofsson1226055%1:06
2Ryker EvansJimmy Schuldt1224045%0:53
Penalty Kill 4 Players Forward
Line #CenterWingPHYDFOFWanted %Time %Time Play
1Shane WrightCameron Hughes1226076%1:02
2Kole LindTye Kartye1224024%0:20
Penalty Kill 4 Players Defense
Line #DefenseDefensePHYDFOFWanted %Time %Time Play
1Peetro SeppalaGustav Olofsson1226045%0:37
2Ryker EvansJimmy Schuldt1224055%0:45
Penalty Kill 3 Players
Line #WingPHYDFOFWanted %Time %Time PlayDefenseDefensePHYDFOFWanted %Time %Time Play
1Shane Wright122600%0:00 Ville OttavainenGustav Olofsson122600%0:00
2Kole Lind122400%0:00 Ryker EvansJimmy Schuldt122400%0:00
4 vs 4 Forward
Line #CenterWingPHYDFOFWanted %Time %Time Play
1Shane WrightCameron Hughes122600%0:00
2Kole LindTye Kartye122400%0:00
4 vs 4 Defense
Line #DefensePHYDFOFWanted %Time %Time Play
1Mitch ReinkeGustav Olofsson122600%0:00
2Ryker EvansJimmy Schuldt122400%0:00
Last Minutes Offensive
Left WingCenterRight WingDefenseDefense
Marian StudenicShane WrightMax McCormickRyker EvansGustav Olofsson
Last Minutes Defensive
Left WingCenterRight WingDefenseDefense
Marian StudenicShane WrightMax McCormickRyker EvansGustav Olofsson
Time
Total ForwardTotal DefenseLast Minutes OffensiveLast Minutes Defensive
60:00 60:00 1:100:00
Extra Forwards
Normal PowerPlayPenalty Kill
Kole Lind, Cameron Hughes, Ville PetmanKole Lind, Cameron HughesKole Lind
Extra Defensemen
Normal PowerPlayPenalty Kill
Peetro Seppala, Mitch Reinke, Ville OttavainenPeetro Seppala, Peetro SeppalaMitch Reinke
Penalty Shots
Shane Wright, Cameron Hughes, Marian Studenic, Tye Kartye, Kole Lind
Goalie
Mads Sogaard, Chris Driedger
Custom OT Lines Forwards
Shane Wright, Marian Studenic, Max McCormick, Tye Kartye, Kole Lind, Cameron Hughes, Ville Petman, Luke Henman, Cal O'Reilly, Andrew Poturalski
Custom OT Lines Defensemen
Mitch Reinke, Gustav Olofsson, Ryker Evans, Jimmy Schuldt, Peetro Seppala
Scratches
Mark Rassell (Healthy), Ryan Sandelin (Lacerated Right Calf Injury)

Chicago Wolves

5 vs 5 Forward
Line #Left WingCenterRight WingPHYDFOFWanted %Time %Time Play
1Brendan LemieuxVasily PonomarevCallahan Burke1224032%17:37
2Anton LevtchiJamieson ReesAustin Poganski1223036%20:13
3Noel GunlerRyan SuzukiTuukka Tieksola1222027%14:55
4Brendan LemieuxCallahan BurkeNoel Gunler122105%2:45
5 vs 5 Defense
Line #DefenseDefensePHYDFOFWanted %Time %Time Play
1Dylan CoghlanGriffin Mendel1224032%17:57
2Anttoni HonkaRonan Seeley1223033%18:16
3Cole ClaytonScott Harrington1222030%16:29
4Dylan CoghlanGriffin Mendel122105%2:48
Power Play Forward
Line #Left WingCenterRight WingPHYDFOFWanted %Time %Time Play
1Brendan LemieuxVasily PonomarevCallahan Burke1226063%0:52
2Anton LevtchiJamieson ReesAustin Poganski1224037%0:30
Power Play Defense
Line #DefenseDefensePHYDFOFWanted %Time %Time Play
1Dylan CoghlanGriffin Mendel1226045%0:37
2Anttoni HonkaRonan Seeley1224055%0:45
Penalty Kill 4 Players Forward
Line #CenterWingPHYDFOFWanted %Time %Time Play
1Vasily PonomarevBrendan Lemieux1226087%1:44
2Jamieson ReesAnton Levtchi1224013%0:15
Penalty Kill 4 Players Defense
Line #DefenseDefensePHYDFOFWanted %Time %Time Play
1Dylan CoghlanGriffin Mendel1226058%1:09
2Anttoni HonkaRonan Seeley1224042%0:50
Penalty Kill 3 Players
Line #WingPHYDFOFWanted %Time %Time PlayDefenseDefensePHYDFOFWanted %Time %Time Play
1Vasily Ponomarev122600%0:00 Dylan CoghlanGriffin Mendel122600%0:00
2Jamieson Rees122400%0:00 Anttoni HonkaRonan Seeley122400%0:00
4 vs 4 Forward
Line #CenterWingPHYDFOFWanted %Time %Time Play
1Vasily PonomarevBrendan Lemieux122600%0:00
2Jamieson ReesAnton Levtchi122400%0:00
4 vs 4 Defense
Line #DefensePHYDFOFWanted %Time %Time Play
1Dylan CoghlanGriffin Mendel122600%0:00
2Anttoni HonkaRonan Seeley122400%0:00
Last Minutes Offensive
Left WingCenterRight WingDefenseDefense
Brendan LemieuxVasily PonomarevCallahan BurkeDylan CoghlanGriffin Mendel
Last Minutes Defensive
Left WingCenterRight WingDefenseDefense
Brendan LemieuxVasily PonomarevCallahan BurkeDylan CoghlanGriffin Mendel
Time
Total ForwardTotal DefenseLast Minutes OffensiveLast Minutes Defensive
60:00 60:00 0:001:09
Extra Forwards
Normal PowerPlayPenalty Kill
Austin Poganski, Jamieson Rees, Tuukka TieksolaAustin Poganski, Jamieson ReesAustin Poganski
Extra Defensemen
Normal PowerPlayPenalty Kill
Ronan Seeley, Cole Clayton, Dylan CoghlanRonan Seeley, Ronan SeeleyCole Clayton
Penalty Shots
Brendan Lemieux, Callahan Burke, Anton Levtchi, Vasily Ponomarev, Austin Poganski
Goalie
Kevin Poulin, Dylan Wells
Custom OT Lines Forwards
Brendan Lemieux, Callahan Burke, Anton Levtchi, Vasily Ponomarev, Austin Poganski, Jamieson Rees, Tuukka Tieksola, Ryan Suzuki, Noel Gunler, Alexander Pashin
Custom OT Lines Defensemen
Dylan Coghlan, Griffin Mendel, Anttoni Honka, Ronan Seeley, Cole Clayton
Scratches
Liam Kirk (Healthy), Ville Koivunen (Healthy), Simon Kubicek (Healthy), Jussi Olkinuora (Healthy)


Play-by-Play

1st period


0:01 of 1st period - Shane Wright wins face-off versus Vasily Ponomarev in neutral zone.
1:08 of 1st period - Callahan Burke is hit by Ryker Evans.
1:11 of 1st period - Off-side.
1:12 of 1st period - Vasily Ponomarev wins face-off versus Luke Henman in neutral zone.
1:55 of 1st period - Off-side.
1:56 of 1st period - Jamieson Rees wins face-off versus Cameron Hughes in neutral zone.
2:21 of 1st period - Austin Poganski is hit by Kole Lind and loses puck.
2:36 of 1st period - Scott Harrington is hit by Jimmy Schuldt and loses puck.
2:43 of 1st period - Slapshot by Scott Harrington.
2:43 of 1st period - Shot Blocked by Jimmy Schuldt.
3:25 of 1st period - Shane Wright is hit by Griffin Mendel and loses puck.
4:59 of 1st period - Callahan Burke is hit by Cameron Hughes and loses puck.
5:18 of 1st period - Scott Harrington is hit by Shane Wright and loses puck.
6:19 of 1st period - Noel Gunler is hit by Luke Henman and loses puck.
6:29 of 1st period - Icing by Tye Kartye.
6:30 of 1st period - Luke Henman wins face-off versus Vasily Ponomarev in Coachella Valley Firebirds zone.
7:04 of 1st period - Andrew Poturalski is hit by Brendan Lemieux and loses puck.
7:15 of 1st period - Vasily Ponomarev is hit by Tye Kartye and loses puck.
7:59 of 1st period - Scott Harrington is hit by Jimmy Schuldt and loses puck.
8:59 of 1st period - Icing by Shane Wright.
9:00 of 1st period - Ryan Suzuki wins face-off versus Kole Lind in Coachella Valley Firebirds zone.
9:21 of 1st period - Tuukka Tieksola is hit by Max McCormick and loses puck.
9:34 of 1st period - Cal O'Reilly is hit by Callahan Burke and loses puck.
10:33 of 1st period - Austin Poganski is hit by Jimmy Schuldt.
11:01 of 1st period - Kole Lind is hit by Griffin Mendel and loses puck.
11:34 of 1st period - Cameron Hughes is hit by Jamieson Rees and loses puck.
12:07 of 1st period - Snap shot by Max McCormick.
12:07 of 1st period - Shot Misses the Net.
12:37 of 1st period - Luke Henman is hit by Griffin Mendel and loses puck.
13:41 of 1st period - Mitch Reinke is hit by Anton Levtchi and loses puck.
15:49 of 1st period - Minor Penalty to Kole Lind for High sticking.
15:50 of 1st period - Vasily Ponomarev wins face-off versus Cameron Hughes in Coachella Valley Firebirds zone.
15:51 of 1st period - Slapshot by Brendan Lemieux.
15:51 of 1st period - Shot Blocked by Gustav Olofsson.
15:57 of 1st period - Backhand shot by Brendan Lemieux.
15:57 of 1st period - Deflect By Vasily Ponomarev.
15:57 of 1st period - Shot Misses the Net.
15:57 of 1st period - Puck is out of play.
15:58 of 1st period - Vasily Ponomarev wins face-off versus Shane Wright in Coachella Valley Firebirds zone.
16:01 of 1st period - Snap shot by Vasily Ponomarev.
16:01 of 1st period - Shot Blocked by Gustav Olofsson.
16:03 of 1st period - Snap shot by Callahan Burke.
16:03 of 1st period - Shot Misses the Net.
16:05 of 1st period - Slapshot by Dylan Coghlan.
16:05 of 1st period - Stopped by Mads Sogaard with a rebound.
16:26 of 1st period - Off-side.
16:27 of 1st period - Shane Wright wins face-off versus Jamieson Rees in neutral zone.
17:11 of 1st period - Snap shot by Anton Levtchi.
17:11 of 1st period - Goal by Anton Levtchi - Coachella Valley Firebirds : 0 - Chicago Wolves : 1.
17:12 of 1st period - Vasily Ponomarev wins face-off versus Shane Wright in neutral zone.
17:37 of 1st period - Jamieson Rees is hit by Tye Kartye and loses puck.
18:17 of 1st period - Snap shot by Max McCormick.
18:17 of 1st period - Deflect By Shane Wright.
18:17 of 1st period - Shot Blocked by Vasily Ponomarev.
18:17 of 1st period - Puck is out of play.
18:18 of 1st period - Vasily Ponomarev wins face-off versus Shane Wright in Chicago Wolves zone.
18:25 of 1st period - Slapshot by Brendan Lemieux.
18:25 of 1st period - Shot Blocked by Max McCormick.
18:48 of 1st period - Slapshot by Anton Levtchi.
18:48 of 1st period - Shot Misses the Net.
19:12 of 1st period - Snap shot by Tuukka Tieksola.
19:12 of 1st period - Stopped by Mads Sogaard without a rebound.
19:13 of 1st period - Vasily Ponomarev wins face-off versus Shane Wright in Coachella Valley Firebirds zone.
19:16 of 1st period - Wrist shot by Vasily Ponomarev.
19:16 of 1st period - Stopped by Mads Sogaard without a rebound.
19:17 of 1st period - Shane Wright wins face-off versus Vasily Ponomarev in Coachella Valley Firebirds zone.
19:26 of 1st period - Snap shot by Max McCormick.
19:26 of 1st period - Stopped by Kevin Poulin without a rebound.
19:27 of 1st period - Shane Wright wins face-off versus Vasily Ponomarev in Chicago Wolves zone.
19:40 of 1st period - Snap shot by Brendan Lemieux.
19:40 of 1st period - Shot Blocked by Marian Studenic.
19:42 of 1st period - Wrist shot by Brendan Lemieux.
19:42 of 1st period - Stopped by Mads Sogaard with a rebound.
19:54 of 1st period - Griffin Mendel is hit by Tye Kartye.
Goals for this period are 0 for Coachella Valley Firebirds vs 1 for Chicago Wolves.
Shots for this period are 1 for Coachella Valley Firebirds vs 5 for Chicago Wolves.

2nd period


0:01 of 2nd period - Shane Wright wins face-off versus Vasily Ponomarev in neutral zone.
0:06 of 2nd period - Wrist shot by Marian Studenic.
0:06 of 2nd period - Shot Misses the Net.
0:08 of 2nd period - Snap shot by Shane Wright.
0:08 of 2nd period - Shot Misses the Net.
0:10 of 2nd period - Wrist shot by Max McCormick.
0:10 of 2nd period - Deflect By Marian Studenic.
0:10 of 2nd period - Deflect By Dylan Coghlan.
0:10 of 2nd period - Shot Misses the Net.
0:10 of 2nd period - Puck is out of play.
0:11 of 2nd period - Shane Wright wins face-off versus Vasily Ponomarev in Chicago Wolves zone.
0:18 of 2nd period - Snap shot by Brendan Lemieux.
0:18 of 2nd period - Goal by Brendan Lemieux - Coachella Valley Firebirds : 0 - Chicago Wolves : 2.
0:19 of 2nd period - Vasily Ponomarev wins face-off versus Shane Wright in neutral zone.
1:13 of 2nd period - Wrist shot by Cameron Hughes.
1:13 of 2nd period - Stopped by Kevin Poulin without a rebound.
1:14 of 2nd period - Shane Wright wins face-off versus Vasily Ponomarev in Chicago Wolves zone.
1:27 of 2nd period - Wrist shot by Shane Wright.
1:27 of 2nd period - Stopped by Kevin Poulin with a rebound.
1:39 of 2nd period - Griffin Mendel is hit by Kole Lind and loses puck.
2:22 of 2nd period - Vasily Ponomarev is hit by Shane Wright and loses puck.
2:41 of 2nd period - Kole Lind is hit by Austin Poganski and loses puck.
3:03 of 2nd period - Austin Poganski is hit by Cameron Hughes and loses puck.
3:44 of 2nd period - Ville Petman is hit by Brendan Lemieux and loses puck.
4:32 of 2nd period - Icing by Shane Wright.
4:33 of 2nd period - Jamieson Rees wins face-off versus Luke Henman in Coachella Valley Firebirds zone.
4:40 of 2nd period - Snap shot by Tuukka Tieksola.
4:40 of 2nd period - Shot Blocked by Shane Wright.
4:52 of 2nd period - Slapshot by Tye Kartye.
4:52 of 2nd period - Deflect By Anton Levtchi.
4:52 of 2nd period - Stopped by Kevin Poulin with a rebound.
5:14 of 2nd period - Wrist shot by Kole Lind.
5:14 of 2nd period - Stopped by Kevin Poulin with a rebound.
5:16 of 2nd period - Slapshot by Marian Studenic.
5:16 of 2nd period - Shot Blocked by Dylan Coghlan.
5:28 of 2nd period - Snap shot by Tuukka Tieksola.
5:28 of 2nd period - Shot Misses the Net.
6:24 of 2nd period - Max McCormick is hit by Ryan Suzuki and loses puck.
9:25 of 2nd period - Icing by Shane Wright.
9:26 of 2nd period - Luke Henman wins face-off versus Callahan Burke in Coachella Valley Firebirds zone.
9:37 of 2nd period - Cameron Hughes is hit by Tuukka Tieksola and loses puck.
10:00 of 2nd period - Jamieson Rees is hit by Kole Lind and loses puck.
11:06 of 2nd period - Noel Gunler is hit by Max McCormick and loses puck.
12:07 of 2nd period - Jimmy Schuldt is hit by Jamieson Rees and loses puck.
12:32 of 2nd period - Noel Gunler is hit by Ville Petman and loses puck.
13:59 of 2nd period - Blake Murray is hit by Ryker Evans.
14:03 of 2nd period - Blake Murray is hit by Cal O'Reilly.
14:27 of 2nd period - Gustav Olofsson is hit by Cole Clayton and loses puck.
14:34 of 2nd period - Vasily Ponomarev is hit by Andrew Poturalski and loses puck.
15:05 of 2nd period - Ryan Suzuki is hit by Peetro Seppala.
15:15 of 2nd period - Ryan Suzuki is hit by Cameron Hughes and loses puck.
16:11 of 2nd period - Austin Poganski is hit by Marian Studenic and loses puck.
16:26 of 2nd period - Blake Murray is hit by Andrew Poturalski and loses puck.
17:21 of 2nd period - Anton Levtchi is hit by Cameron Hughes and loses puck.
18:50 of 2nd period - Icing by Shane Wright.
18:51 of 2nd period - Ryan Suzuki wins face-off versus Shane Wright in Coachella Valley Firebirds zone.
19:00 of 2nd period - Callahan Burke is hit by Ville Petman and loses puck.
Goals for this period are 0 for Coachella Valley Firebirds vs 1 for Chicago Wolves.
Shots for this period are 4 for Coachella Valley Firebirds vs 1 for Chicago Wolves.

3rd period


0:01 of 3rd period - Vasily Ponomarev wins face-off versus Shane Wright in neutral zone.
0:04 of 3rd period - Slapshot by Dylan Coghlan.
0:04 of 3rd period - Shot Blocked by Gustav Olofsson.
0:31 of 3rd period - Minor Penalty to Jamieson Rees for Cross-checking.
0:32 of 3rd period - Vasily Ponomarev wins face-off versus Shane Wright in Chicago Wolves zone.
1:42 of 3rd period - Marian Studenic is hit by Ryan Suzuki and loses puck.
2:31 of 3rd period - Penalty to Jamieson Rees is over, Jamieson Rees is back on ice.
2:47 of 3rd period - Off-side.
2:48 of 3rd period - Ryan Suzuki wins face-off versus Ville Petman in neutral zone.
2:59 of 3rd period - Ryan Suzuki is hit by Ville Petman and loses puck.
3:42 of 3rd period - Griffin Mendel is hit by Cameron Hughes and loses puck.
4:08 of 3rd period - Icing by Marian Studenic.
4:09 of 3rd period - Ryan Suzuki wins face-off versus Kole Lind in Coachella Valley Firebirds zone.
4:20 of 3rd period - Snap shot by Scott Harrington.
4:20 of 3rd period - Shot Blocked by Andrew Poturalski.
5:10 of 3rd period - Anttoni Honka is hit by Kole Lind and loses puck.
5:21 of 3rd period - Snap shot by Cameron Hughes.
5:21 of 3rd period - Stopped by Kevin Poulin with a rebound.
5:35 of 3rd period - Jamieson Rees is hit by Ville Ottavainen and loses puck.
5:48 of 3rd period - Jamieson Rees is hit by Tye Kartye and loses puck.
6:27 of 3rd period - Peetro Seppala is hit by Cole Clayton and loses puck.
8:30 of 3rd period - Cameron Hughes is hit by Noel Gunler and loses puck.
9:26 of 3rd period - Shane Wright is hit by Vasily Ponomarev and loses puck.
10:05 of 3rd period - Noel Gunler is hit by Tye Kartye and loses puck.
11:59 of 3rd period - Scott Harrington is hit by Tye Kartye and loses puck.
12:23 of 3rd period - Off-side.
12:24 of 3rd period - Max McCormick wins face-off versus Gabriel Carlsson in neutral zone.
13:12 of 3rd period - Snap shot by Ville Petman.
13:12 of 3rd period - Stopped by Kevin Poulin with a rebound.
13:16 of 3rd period - Wrist shot by Shane Wright.
13:16 of 3rd period - Shot Blocked by Ryan Suzuki.
13:45 of 3rd period - Scott Harrington is hit by Ville Petman and loses puck.
15:51 of 3rd period - Griffin Mendel is hit by Peetro Seppala and loses puck.
16:03 of 3rd period - Anttoni Honka is hit by Max McCormick.
16:09 of 3rd period - Mitch Reinke is hit by Tuukka Tieksola and loses puck.
16:16 of 3rd period - Jamieson Rees is hit by Max McCormick and loses puck.
16:21 of 3rd period - Snap shot by Max McCormick.
16:21 of 3rd period - Shot Misses the Net.
16:23 of 3rd period - Snap shot by Max McCormick.
16:23 of 3rd period - Goal by Max McCormick - Coachella Valley Firebirds : 1 - Chicago Wolves : 2.
16:24 of 3rd period - Kole Lind wins face-off versus Callahan Burke in neutral zone.
16:27 of 3rd period - Snap shot by Kole Lind.
16:27 of 3rd period - Shot Misses the Net.
17:28 of 3rd period - Anttoni Honka is hit by Cameron Hughes and loses puck.
18:07 of 3rd period - Dylan Coghlan is hit by Kole Lind and loses puck.
19:06 of 3rd period - Slapshot by Scott Harrington.
19:06 of 3rd period - Shot Blocked by Gustav Olofsson.
19:08 of 3rd period - Slapshot by Cole Clayton.
19:08 of 3rd period - Shot Blocked by Gustav Olofsson.
19:10 of 3rd period - Slapshot by Callahan Burke.
19:10 of 3rd period - Deflect By Marian Studenic.
19:10 of 3rd period - Shot Misses the Net.
19:10 of 3rd period - Puck is out of play.
19:11 of 3rd period - Dave Hakstol call a timeout for Coachella Valley Firebirds.
19:11 of 3rd period - Vasily Ponomarev wins face-off versus Shane Wright in Coachella Valley Firebirds zone.
19:12 of 3rd period - Snap shot by Brendan Lemieux.
19:12 of 3rd period - Stopped by Mads Sogaard with a rebound.
19:30 of 3rd period - Snap shot by Dylan Coghlan.
19:30 of 3rd period - Shot Misses the Net.
19:32 of 3rd period - Snap shot by Vasily Ponomarev.
19:32 of 3rd period - Shot Misses the Net.
19:34 of 3rd period - Wrist shot by Vasily Ponomarev.
19:34 of 3rd period - Shot Misses the Net.
19:36 of 3rd period - Wrist shot by Griffin Mendel.
19:36 of 3rd period - Shot Misses the Net.
19:38 of 3rd period - Wrist shot by Dylan Coghlan.
19:38 of 3rd period - Stopped by Mads Sogaard with a rebound.
19:40 of 3rd period - Snap shot by Griffin Mendel.
19:40 of 3rd period - Stopped by Mads Sogaard with a rebound.
19:42 of 3rd period - Snap shot by Vasily Ponomarev.
19:42 of 3rd period - Stopped by Mads Sogaard with a rebound.
19:44 of 3rd period - Slapshot by Vasily Ponomarev.
19:44 of 3rd period - Shot Blocked by Ryker Evans.
19:46 of 3rd period - Wrist shot by Brendan Lemieux.
19:46 of 3rd period - Deflect By Max McCormick.
19:46 of 3rd period - Stopped by Mads Sogaard without a rebound.
19:47 of 3rd period - Vasily Ponomarev wins face-off versus Shane Wright in Coachella Valley Firebirds zone.
19:58 of 3rd period - Snap shot by Brendan Lemieux.
19:58 of 3rd period - Stopped by Mads Sogaard with a rebound.
Goals for this period are 1 for Coachella Valley Firebirds vs 0 for Chicago Wolves.
Shots for this period are 3 for Coachella Valley Firebirds vs 6 for Chicago Wolves.